 Dungeon Crawl Stone Soup version 0.28-a0-1555-g9ae15a6949 (webtiles) character file.

Game seed: 17057207989950428028

66876 frimble the Fighter (level 14, -9/109 (116) HPs)
             Began as a Demonspawn Warper on Jan 19, 2022.
             Was an Elder of Cheibriados.
             Killed from afar by Josephine (38 damage)
             ... with a ghostly fireball
             ... on level 13 of the Dungeon.
             The game lasted 00:36:30 (29003 turns).

frimble the Fighter (Demonspawn Warper)            Turns: 29003, Time: 00:36:31

HP:   -9/109 (116)  AC: 10    Str: 22    XL:     14   Next: 80%
MP:   8/21          EV: 21    Int: 29    God:    Cheibriados [****..]
Gold: 1532          SH:  0    Dex: 23    Spells: 12/17 levels left

rFire   . . .      SeeInvis +     - Unarmed
rCold   + + +      Faith    .   (no shield)
rNeg    . . .      Spirit   .   T - +4 skin of Zhor {*Englaciate rC+++ SInv}
rPois   .          Reflect  .   (helmet restricted)
rElec   .          Harm     .   e - +1 cloak {Stlth+}
rCorr   .          Rampage  .   (no gloves)
Will    ++...                   f - +1 pair of boots
Stlth   ++++......              L - amulet of the acrobat
HPRegen 0.28/turn               b - ring "Qetz" {rC+ Will+ EV+4}
MPRegen 0.17/turn               G - +4 ring of evasion

@: drained, very slow
A: claws 1, hooves 2, horns 2, icemail 2, condensation shield, demonic magic 1
a: Renounce Religion, Bend Time, Temporal Distortion, Slouch


You were on level 13 of the Dungeon.
You worshipped Cheibriados.
Cheibriados was greatly pleased with you.
You visited 3 branches of the dungeon, and saw 20 of its levels.

You collected 1532 gold pieces.

Inventory:

Hand Weapons
 a - a +0 short sword
Missiles
 d - a boomerang of dispersal
 j - 8 throwing nets
 n - 95 poisoned darts
 o - 9 curare-tipped darts
 u - 3 boomerangs (quivered)
Armour
 e - a +1 cloak of stealth (worn)
 f - a +1 pair of boots (worn)
 x - a +1 robe of cold resistance
 H - a +0 kite shield
 M - a +4 troll leather armour
 T - the +4 skin of Zhor (worn) {*Englaciate rC+++ SInv}
   (You found it on level 3 of the Lair of Beasts)

   It radiates cold, occasionally slowing all nearby creatures who are not
   resistant to cold.
   rC:        It renders you almost immune to cold.
   SInv:      It lets you see invisible.
Jewellery
 b - the ring "Qetz" (left claw) {rC+ Will+ EV+4}
   (You acquired it on level 2 of the Dungeon)

   [ring of evasion]

   EV:        It affects your evasion (+4).
   rC:        It protects you from cold.
   Will:      It increases your willpower.
 z - a ring of see invisible
 D - a +6 ring of intelligence
 G - a +4 ring of evasion (right claw)
 L - an amulet of the acrobat (around neck)
 U - a ring of resist corrosion
 W - a ring of willpower
Wands
 c - a wand of polymorph (11)
 l - a wand of iceblast (7)
 y - a wand of flame (48)
 E - a wand of acid (7)
 K - a wand of paralysis (4)
 Q - a wand of mindburst (1)
Scrolls
 r - 6 scrolls of teleportation
 t - a scroll of magic mapping
 v - 2 scrolls of amnesia
 A - 3 scrolls of blinking
 F - 4 scrolls of immolation
 J - a scroll of silence
 N - a scroll of holy word
 O - 2 scrolls of fog
 S - 4 scrolls of fear {unknown}
Potions
 g - a potion of mutation
 h - 7 potions of heal wounds
 i - 7 potions of curing
 k - 6 potions of lignification
 m - 5 potions of attraction
 q - 6 potions of brilliance
 s - 5 potions of magic {unknown}
 w - 2 potions of might
 B - 4 potions of haste
 C - a potion of berserk rage
 I - 2 potions of resistance
Miscellaneous
 P - a lightning rod (4/4)
 R - a condenser vane


   Skills:
 + Level 12.5 Fighting
 - Level 2.7 Short Blades
 - Level 6.0 Throwing
 - Level 1.6 Armour
 - Level 2.4 Dodging
 - Level 5.4 Stealth
 * Level 11.7 Shields
 - Level 12.0 Unarmed Combat
 - Level 2.0 Spellcasting
 - Level 7.0 Translocations
 + Level 10.2 Invocations
 - Level 7.1 Evocations


You had 12 spell levels left.
You knew the following spells:

 Your Spells              Type           Power      Damage    Failure   Level
a - Blink                 Tloc           86%        N/A       1%          2
b - Gell's Gravitas       Tloc           43%        N/A       1%          3

Your spell library contained the following spells:

 Spells                   Type           Power      Damage    Failure   Level
 Lesser Beckoning         Tloc           43%        N/A       1%          3
 Teleport Other           Tloc           43%        N/A       1%          3
 Portal Projectile        Hex/Tloc       46%        N/A       6%          3
 Magic Dart               Conj           8%         1d3       9%          1
 Call Imp                 Summ           2%         N/A       13%         2
 Manifold Assault         Tloc           43%        N/A       13%         5
 Call Canine Familiar     Summ           2%         N/A       26%         3
 Frozen Ramparts          Ice            4%         1d2       26%         3
 Mephitic Cloud           Conj/Pois/Air  2%         N/A       26%         3
 Summon Guardian Golem    Hex/Summ       2%         N/A       26%         3
 Dispersal                Tloc           21%        N/A       58%         6
 Animate Armour           Summ/Erth      4%         N/A       63%         4
 Ice Form                 Ice/Tmut       2%         N/A       63%         4
 Leda's Liquefaction      Hex/Erth       1%         N/A       63%         4
 Summon Ice Beast         Ice/Summ       2%         N/A       63%         4
 Blade Hands              Tmut           1%         N/A       93%         5
 Freezing Cloud           Conj/Ice/Air   1%         6-21      93%         5
 Iskenderun's Battlesphe  Conj           2%         2d6       93%         5
 Summon Mana Viper        Hex/Summ       2%         N/A       93%         5
 Iron Shot                Conj/Erth      1%         9d1       100%        6
 Simulacrum               Ice/Necr       1%         N/A       100%        6
 Monstrous Menagerie      Summ           1%         N/A       100%        7
 Spellforged Servitor     Conj/Summ      1%         N/A       100%        7
 Disjunction              Tloc           21%        N/A       100%        8
 Polar Vortex             Ice            1%         N/A       100%        9


Dungeon Overview and Level Annotations

Branches:
Dungeon (13/15)            Temple (1/1) D:5            Lair (6/6) D:8
  Snake (0/4) Lair:4        Slime (0/5) Lair:6          Orc (0/2) D:11
  Swamp: Lair:2-4    Shoals: Lair:2-4    Vaults: D:13-14

Altars:
Ashenzari
Cheibriados
Dithmenos
Elyvilon
Fedhas
Gozag
Hepliaklqana
Kikubaaqudgha
Makhleb
Nemelex Xobeh
Okawaru
Qazlal
Ru
Sif Muna
Trog
Uskayaw
Vehumet
Wu Jian
Xom
Yredelemnul
Zin
The Shining One

Annotations:
D:5 1 runed translucent door
D:13 Josephine
Lair:1 exclusion: 3 oklob plants
Lair:2 1 exclusion
Lair:4 2 transporters, fragbeetle's ghost, journeyman DrTm


Innate Abilities, Weirdness & Mutations

You have sharp fingernails.
You have hoof-like feet.
You have a pair of horns on your head.
A meltable icy envelope protects you from harm. (AC +0)
A meltable shield of frost defends you. (SH +0)
Spells you cast may paralyse adjacent enemies.


Message History

The bolt of acid misses the skeletal warrior.
You feel stable enough to blink again.
You feel very sick.
Activating: Slouch (1% risk of failure)
Press: ? - help, Dir - look around, f - activate You can feel time thicken for a moment.
You destroy the skeletal warrior!
Cheibriados appreciates the change of pace.
You can no longer step out of the flow of time.
Cheibriados lowers the support of your attributes as your movement quickens.
You feel very sick.
You feel better.
Josephine is no longer moving slowly.
Throw: 3 boomerangs
Press: ? - help, Q - select action, (/) - cycle Shift-Dir - straight line, f - catoblepas
Aim: a catoblepas (severely wounded, 92% to hit)
You throw a boomerang.
The boomerang hits the catoblepas but does no damage.
The catoblepas is severely wounded.
Throw: 3 boomerangs
Press: ? - help, Q - select action, (/) - cycle Shift-Dir - straight line, f/p - catoblepas
Aim: a catoblepas (severely wounded, 92% to hit)
You throw a boomerang.
The boomerang hits the catoblepas but does no damage.
The catoblepas is severely wounded.
You mangle the catoblepas!!
The catoblepas is almost dead.
The catoblepas gores you.
* * * LOW HITPOINT WARNING * * *
You claw the catoblepas!
You kill the catoblepas!
Cheibriados thoroughly appreciates the change of pace.
You barely miss Josephine. Your headbutt misses Josephine.
Josephine is lightly wounded.
Josephine hits you but does no damage.
You mangle Josephine!!
Josephine is heavily wounded.
Josephine casts a spell at you.
The ghostly flame explodes!
The ghostly fireball engulfs you!!!
You feel drained.
You die...

#..........#########
.............<......)...#
........................#
........................#
###.#########...........#
#. #...........# #
#...........#
#########...........#
.........).@@.......#
....................#
#######.#############
......).@......
...............
.......?.....##
.............#
.............#
...............


You could see Josephine.

Vanquished Creatures
  A fire giant (D:12)
  Azrael (D:13)
  The ghost of Gaze the Carver, a journeyman MiFi of Okawaru (D:12)
  Fannar (D:10)
  3 boulder beetles
  10 hydras
  Harold (D:10)
  A centaur warrior (D:12)
  2 catoblepae
  A death yak (Lair:4)
  2 death knights (D:12)
  5 two-headed ogres
  A deep troll earth mage (D:12)
  The ghost of horus123 the Cudgeller, a novice TrMo of Makhleb (D:8)
  A skeletal warrior (D:13)
  A goliath frog (Lair:6)
  A bog body (Lair:2)
  A lindwurm (Lair:6)
  An ugly thing (D:11)
  2 manticores (D:12)
  A cyclops (D:12)
  12 elephants
  3 black mambas
  A gargoyle (D:12)
  A torpor snail (Lair:3)
  A guardian serpent (Lair:4)
  20 cane toads
  6 rime drakes
  3 kobold demonologists (D:12)
  An efreet (D:12)
  3 trolls
  13 komodo dragons
  2 tyrant leeches (Lair:6)
  3 polar bears
  Grinder (D:6)
  28 blink frogs
  3 slime creatures (D:12)
  7 dream sheep (Lair:4)
  4 shadows
  5 wraiths
  3 wyverns
  28 yaks
  7 fire elementals (D:13)
  Grum (D:8)
  3 basilisks
  10 vampire mosquitoes
  2 acid dragons
  4 wargs
  A hell hound (D:13)
  12 water moccasins
  A black bear (Lair:5)
  5 orc warriors
  A sky beast (D:5)
  A necrophage (D:7)
  4 ogres
  2 ice beasts
  7 centaurs
  16 wolves
  10 kobold brigands
  16 bullfrogs
  A gnoll sergeant (D:12)
  4 scorpions
  A wyvern skeleton (D:7)
  2 water moccasin skeletons
  2 howler monkeys
  3 electric eels
  4 wights (D:7)
  4 centaur zombies
  4 jellies
  A human zombie (D:5)
  A bullfrog skeleton (D:5)
  8 orc priests
  A gnoll shaman (D:4)
  3 hounds
  Crazy Yiuf (D:2)
  Jessica (D:3)
  A scorpion zombie (D:5)
  2 centaur skeletons
  An iguana (D:6)
  11 orc wizards
  A hound skeleton (D:5)
  10 adders
  17 gnolls
  A river rat (D:11)
  A shadow imp (D:5)
  A white imp (D:6)
  An ufetubus (D:3)
  An adder skeleton (D:4)
  A worm (D:4)
  2 dart slugs
  37 orcs
  8 bats
  6 endoplasms
  5 giant cockroaches
  10 goblins
  11 hobgoblins
  5 jackals
  71 kobolds
  5 quokkas
  7 ball pythons
  5 frilled lizards (D:1)
  A jackal zombie (D:5)
  6 rats
559 creatures vanquished.

Vanquished Creatures (others)
  An orc wizard (D:8)
  32 fungi
  104 plants
137 creatures vanquished.

Grand Total: 696 creatures vanquished

Notes
Turn   | Place    | Note
-------+----------+-------------------------------------------
     0 | D:1      | frimble the Demonspawn Warper began the quest for the Orb.
     0 | D:1      | Reached XP level 1. HP: 16/16 MP: 3/3
   334 | D:1      | Gained mutation: Spells you cast may paralyse adjacent
                  | enemies. [demonic ancestry]
   334 | D:1      | Reached XP level 2. HP: 20/22 MP: 5/5
   479 | D:1      | Reached skill level 1 in Stealth
   506 | D:1      | Learned a level 2 spell: Blink
  1064 | D:2      | Gained mutation: A meltable shield of frost defends you.
                  | (SH +0) [demonic ancestry]
  1064 | D:2      | Reached XP level 3. HP: 20/27 MP: 6/6
  1747 | D:2      | Noticed a golden eye
  1750 | D:2      | Found a faded altar of an unknown god.
  1794 | D:2      | Noticed a floating eye
  1799 | D:2      | Noticed a great orb of eyes
  1842 | D:2      | Found a runed translucent door.
  1843 | D:2      | Noticed Crazy Yiuf
  1959 | D:2      | Noticed a golden eye
  2196 | D:3      | Noticed an ice beast
  2239 | D:2      | Identified a scroll of acquirement
  2240 | D:2      | Acquired the ring "Qetz" {rC+ Will+ EV+4}
  2366 | D:3      | Discovered your monstrous ancestry.
  2366 | D:3      | Gained mutation: You have sharp fingernails. [demonic
                  | ancestry]
  2366 | D:3      | Reached XP level 4. HP: 33/33 MP: 7/7
  2405 | D:3      | You fall into a shaft and drop 2 floors!
  2405 | D:5      | Entered Level 5 of the Dungeon
  2666 | D:5      | Found a runed translucent door.
  2666 | D:5      | Noticed a human
  2671 | D:5      | Found a basalt altar of Yredelemnul.
  2706 | D:5      | Reached skill level 1 in Unarmed Combat
  2706 | D:5      | Gained mutation: You have a pair of small horns on your
                  | head. [demonic ancestry]
  2706 | D:5      | Reached XP level 5. HP: 33/39 MP: 8/8
  2712 | D:5      | Noticed a sky beast
  2814 | D:5      | Found an opulent altar of Gozag.
  3329 | D:4      | Noticed an ogre
  3342 | D:4      | Killed an ogre
  3343 | D:4      | Reached XP level 6. HP: 47/47 MP: 9/9
  3525 | D:4      | Gained mutation: You tend to lose your temper in combat.
                  | [potion of mutation]
  3525 | D:4      | Lost mutation: You tend to lose your temper in combat.
                  | [potion of mutation]
  3581 | D:4      | Gained mutation: You have large cloven feet. [demonic
                  | ancestry]
  3581 | D:4      | Reached XP level 7. HP: 22/54 MP: 10/10
  4036 | D:3      | Noticed Jessica
  4041 | D:3      | Killed Jessica
  4197 | D:3      | Found an iron altar of Okawaru.
  4341 | D:3      | Reached skill level 1 in Evocations
  4561 | D:2      | Identified the +4 mace of Oenomania {chaos, Int+4}
  4566 | D:2      | Killed Crazy Yiuf
  5049 | D:4      | Reached skill level 1 in Throwing
  5424 | D:4      | Gained mutation: A meltable icy envelope protects you from
                  | harm. (AC +0) [demonic ancestry]
  5424 | D:4      | Reached XP level 8. HP: 32/61 MP: 11/11
  6063 | D:5      | Found a hide-covered altar of Uskayaw.
  6289 | D:5      | Found a radiant altar of Vehumet.
  6356 | D:5      | Found a staircase to the Ecumenical Temple.
  6374 | D:5      | Reached skill level 5 in Fighting
  6865 | D:5      | Reached skill level 5 in Unarmed Combat
  6989 | D:6      | Noticed Grinder
  7022 | D:6      | Killed Grinder
  7442 | D:6      | Gained mutation: A meltable icy envelope protects you from
                  | harm. (AC +0) [demonic ancestry]
  7442 | D:6      | Reached XP level 9. HP: 48/68 MP: 12/12
  7446 | D:6      | Learned a level 3 spell: Gell's Gravitas
  8679 | D:7      | Found a snail-covered altar of Cheibriados.
  8742 | D:7      | Noticed a komodo dragon
  8772 | D:7      | Killed a komodo dragon
  8773 | D:7      | Reached skill level 5 in Translocations
  9711 | D:8      | Found a sparkling altar of Nemelex Xobeh.
  9724 | D:8      | Noticed Grum
  9905 | D:7      | Reached XP level 10. HP: 53/77 MP: 13/13
 10023 | D:8      | Killed Grum
 10285 | D:8      | Reached skill level 5 in Evocations
 10668 | D:8      | Found a staircase to the Lair.
 10705 | D:8      | Found a runed translucent door.
 10712 | D:8      | Noticed horus123's ghost (novice TrMo)
 10865 | D:8      | Reached skill level 1 in Armour
 11054 | D:8      | Got the Handbook of the Dislocated Escort
 11087 | D:8      | Found a shadowy altar of Dithmenos.
 11929 | D:9      | Noticed a two-headed ogre
 11971 | D:9      | Killed a two-headed ogre
 12479 | D:10     | Entered Level 10 of the Dungeon
 12505 | D:10     | Reached skill level 5 in Throwing
 12666 | D:10     | Noticed Fannar
 12740 | D:10     | Killed Fannar
 13283 | D:10     | Noticed Harold
 13297 | D:10     | Killed Harold
 13298 | D:10     | Reached XP level 11. HP: 42/84 MP: 14/14
 13708 | D:11     | Noticed a boulder beetle
 13934 | D:11     | Noticed a white ugly thing
 13959 | D:11     | Killed a white ugly thing
 14172 | D:11     | Killed a boulder beetle
 14973 | D:11     | Noticed a two-headed ogre
 14981 | D:11     | Killed a two-headed ogre
 15152 | D:11     | Found a staircase to the Orcish Mines.
 15429 | Lair:1   | Entered Level 1 of the Lair of Beasts
 15829 | Temple   | Entered the Ecumenical Temple
 16104 | D:7      | Became a worshipper of Cheibriados the Contemplative
 16180 | D:8      | Reached skill level 1 in Shields
 16417 | Lair:1   | Noticed a four-headed hydra
 16426 | Lair:1   | Killed a four-headed hydra
 16924 | Lair:1   | Noticed an oklob plant
 16924 | Lair:1   | Noticed an oklob plant
 16924 | Lair:1   | Noticed an oklob plant
 17166 | Lair:2   | Noticed a seven-headed hydra
 17174 | Lair:2   | Killed a seven-headed hydra
 17175 | Lair:2   | Reached skill level 5 in Stealth
 17390 | Lair:2   | Noticed a bog body
 17402 | Lair:2   | Killed a bog body
 18141 | Lair:3   | Gained mutation: You have a pair of horns on your head.
                  | [demonic ancestry]
 18141 | Lair:3   | Reached XP level 12. HP: 82/95 MP: 15/15
 18154 | Lair:3   | Noticed a boulder beetle
 18502 | Lair:3   | Noticed an eight-headed hydra
 18521 | Lair:3   | Killed an eight-headed hydra
 18898 | Lair:3   | Reached * piety under Cheibriados
 19123 | Lair:3   | Found the +4 skin of Zhor {*Englaciate rC+++ SInv}
 19210 | Lair:3   | Killed a boulder beetle
 19211 | Lair:3   | Reached skill level 10 in Unarmed Combat
 19443 | Lair:3   | Reached skill level 5 in Shields
 19609 | Lair:3   | Noticed a death yak
 19623 | Lair:3   | Noticed a death yak
 19624 | Lair:3   | Noticed a death yak
 19633 | Lair:4   | Found a staircase to the Snake Pit.
 19646 | Lair:4   | Killed a death yak
 19899 | Lair:4   | Reached skill level 1 in Invocations
 20199 | Lair:4   | Found a transporter.
 20213 | Lair:4   | Noticed fragbeetle's ghost (journeyman DrTm)
 20249 | Lair:4   | Reached skill level 10 in Fighting
 20768 | Lair:4   | Reached ** piety under Cheibriados
 21163 | Lair:4   | Noticed an eight-headed hydra
 21176 | Lair:4   | Killed an eight-headed hydra
 21219 | Lair:4   | Noticed a five-headed hydra
 21314 | Lair:4   | Killed a five-headed hydra
 21458 | Lair:4   | Found a transporter.
 21464 | Lair:4   | Found a bloodstained altar of Trog.
 21919 | Lair:5   | Reached *** piety under Cheibriados
 21924 | Lair:5   | Gained mutation: You have hoof-like feet. [demonic
                  | ancestry]
 21924 | Lair:5   | Reached XP level 13. HP: 91/104 MP: 16/16
 22432 | Lair:5   | Reached skill level 5 in Invocations
 22667 | Lair:5   | Reached **** piety under Cheibriados
 24203 | Lair:6   | Entered Level 6 of the Lair of Beasts
 24733 | Lair:6   | Reached ***** piety under Cheibriados
 25707 | Lair:6   | Found a staircase to the Slime Pits.
 25766 | Lair:6   | Reached XP level 14. HP: 89/113 MP: 19/19
 26098 | Lair:6   | Reached skill level 10 in Shields
 27012 | D:8      | Killed horus123's ghost
 27397 | D:12     | Noticed a fire giant
 27414 | D:12     | Killed a fire giant
 27680 | D:12     | Identified the +7 mace of the Unkillable {chaos, rC+}
 28214 | D:12     | Found a runed translucent gate.
 28215 | D:12     | Found a runed translucent gate.
 28216 | D:12     | Found a runed translucent gate.
 28217 | D:12     | Noticed Gaze's ghost (journeyman MiFi)
 28374 | D:12     | Killed Gaze's ghost
 28966 | D:13     | Noticed Azrael
 28969 | D:13     | Noticed Josephine
 28976 | D:13     | Killed Azrael
 28979 | D:13     | Reached skill level 10 in Invocations
 29003 | D:13     | Killed from afar by Josephine

Illustrated notes

Levels and vault maps discovered:
D:1:      onia_arrival_mini_maze, layout_basic, minivault_23,
          chequers_serial_rivers_micro_e, serial_bayou_lake_a
D:2:      layout_basic, hellmonk_ecumenical_altar_watching_god,
          uniq_crazy_yiuf_cottage
D:3:      layout_basic, zin_statuary, gammafunk_temple_overflow_wave,
          uniq_jessica
D:4:      layout_loops_ring, minmay_joined_circles
D:5:      layout_gridville, dk_yredelemnul_ordeal, mainiacjoe_overflow_swirl,
          minmay_temple_entry_junction_2, minmay_misc_feat_plants,
          kennysheep_flooded_box, kennysheep_generic_room_6
D:6:      minmay_goblin_kobold_castle, layout_basic, uniq_grinder
D:7:      layout_layer_cave, mainiacjoe_overflow_six_doors_small, serial_glass,
          glass_columns_b, glass_columns_a
D:8:      layout_cave_pods, nemelex_xobeh_ov_fountains_minmay,
          grunt_dithmenos_smoke, erik_lair_orcish_takeover,
          hellmonk_ghost_happy_afterlife, uniq_grum
D:9:      layout_basic, nrook_campfire
D:10:     layout_loops_cross, uniq_fannar, uniq_harold
D:11:     layout_rooms, erik_orc_3
D:12:     layout_loops_ring, gammafunk_ghost_hydra_chop,
          minmay_checkered_concentric_circles
D:13:     layout_long_grid, grunt_vaults_entry_fortified, special_room
          [special_room_bee], nicolae_ru_path_of_blood, uniq_kirke, uniq_azrael,
          uniq_josephine
Temple:   nicolae_temple_figure_eight
Lair:1:   dpeg_oklob_gauntlet, layout_loops_ring, lemuel_fruit_fields,
          lemuel_fruit_tree
Lair:2:   layout_gridlike, nicolae_swamp_entry_splash_gauntlet,
          chequers_serial_rivers_micro_a, lemuel_fruit_fields
Lair:3:   layout_chaotic_city, hellmonk_guarded_unrand_zhor
Lair:4:   layout_loops_ring, minmay_snake_entry_spellcaster,
          gammafunk_ghost_wrathful_warriors, grunt_forest_small_clearings,
          serial_bayou_pond_b, serial_bayou_shore_a
Lair:5:   layout_cave_shapes, grunt_forest_stairs_basic, beast_lair_carwin_3,
          grunt_megastairs_2
Lair:6:   minmay_lair_end_frog_pond, layout_gridlike, slime_dummy, st_stairs_3

Skill      XL: |  1  2  3  4  5  6  7  8  9 10 11 12 13 14 |
---------------+-------------------------------------------+-----
Short Blades   | 2 |  2.7
Dodging        | 2 |  2.4
Stealth        | 1 2 3 4 5 |  5.4
Unarmed Combat | 1 2 3 4 5 7 8 9 10 11 12 | 12.0
Fighting       | 3 4 5 6 7 9 10 11 12 | 12.5
Evocations     | 1 3 4 6 7 |  7.1
Translocations | 3 4 5 6 7 |  7.0
Throwing       | 1 3 4 5 6 |  6.0
Armour         | 1 |  1.6
Shields        | 3 7 9 11 | 11.7
Invocations    | 4 7 10 | 10.2
Spellcasting   | |  2.0

Action                   |  1- 3 |  4- 6 |  7- 9 | 10-12 | 13-15 || total
-------------------------+-------+-------+-------+-------+-------++-------
Melee: Short sword       |   179 |   152 |       |       |       ||   331
       Punch             |     2 |     5 |    16 |    48 |    51 ||   122
       Headbutt          |       |    18 |   102 |   191 |   190 ||   501
       Unarmed           |       |    46 |   554 |   803 |   645 ||  2048
Throw: Dart              |       |    20 |    21 |    91 |       ||   132
       Boomerang         |       |     1 |     3 |    58 |    59 ||   121
 Cast: Blink             |       |     2 |     8 |    19 |    14 ||    43
Invok: Slouch            |       |       |       |       |     7 ||     7
Evoke: Wand              |       |       |     4 |    15 |     6 ||    25
       Lightning rod     |       |       |       |       |     4 ||     4
       Condenser vane    |       |       |       |       |     2 ||     2
  Use: Scroll            |     2 |     2 |     8 |    11 |     5 ||    28
       Potion            |       |     3 |       |     2 |     4 ||     9
 Stab: Distracted        |     1 |       |     3 |     1 |     3 ||     8
       Sleeping          |       |     2 |    17 |    11 |     8 ||    38
       Paralysed         |       |       |     1 |     3 |       ||     4
       Petrified         |       |       |       |       |     3 ||     3
Armor: Leather armour    |    66 |    40 |   148 |    43 |       ||   297
       Acid dragon scale |       |       |       |   286 |   123 ||   409
       Animal skin       |       |       |       |       |    59 ||    59
Dodge: Dodged            |   120 |   112 |   386 |   647 |   622 ||  1887
Block: Other             |    17 |    29 |    95 |   146 |   134 ||   421

Table legend: (Time is in decaauts)
 A = Elapsed time spent in this place.
 B = Non-inter-level travel time spent in this place.
 C = Inter-level travel time spent in this place.
 D = Time resting spent in this place.
 E = Time spent auto-exploring this place.
 F = Levels seen in this place.
 G = Mean time per level.
                   A        B        C        D        E       F      G
               +--------+--------+--------+--------+--------+-----+--------+
         Total |  31599 |  29853 |   1746 |   1266 |  23556 |  20 | 1579.9 |
       Dungeon |  18678 |  17429 |   1249 |    640 |  13504 |  13 | 1436.8 |
        Temple |    219 |    207 |     12 |      0 |    207 |   1 |  219.0 |
          Lair |  12700 |  12217 |    483 |    625 |   9844 |   6 | 2116.7 |
               +--------+--------+--------+--------+--------+-----+--------+

Top non-repeatable levels by time:
  Lair:5: 3446 daAuts
  Lair:4: 2564 daAuts
  Lair:6: 2513 daAuts
     D:8: 2371 daAuts
    D:12: 1949 daAuts
  Lair:3: 1860 daAuts
     D:4: 1841 daAuts
    D:11: 1617 daAuts
     D:7: 1552 daAuts
     D:2: 1493 daAuts
     D:6: 1487 daAuts
     D:5: 1379 daAuts
    D:10: 1335 daAuts
     D:3: 1213 daAuts
  Lair:2: 1202 daAuts
